 Dungeon Crawl Stone Soup version 0.31-a0-845-g9abc20d24f (webtiles) character file.

Game seed: 4167978533054756078

134 BinkBink the Ducker (level 4, 0/23 HPs)
             Began as a Spriggan Hexslinger on Oct 1, 2023.
             Slain by an ogre
             ... wielding a +0 giant spiked club
              (23 damage)
             ... on level 4 of the Dungeon.
             The game lasted 00:03:51 (2420 turns).

BinkBink the Ducker (Spriggan Hexslinger)           Turns: 2420, Time: 00:03:52

Health: 0/23       AC:  2    Str:  4    XL:     4   Next: 95%
Magic:  7/7        EV: 19    Int: 14    God:
Gold:   136        SH:  0    Dex: 19    Spells: 5/5 levels left

rFire   . . .        a - +1 sling
rCold   . . .        (no shield)
rNeg    . . .        c - +0 robe
rPois   .            (helmet restricted)
rElec   .            (no cloak)
rCorr   .            (gloves unavailable)
SInv    +            (boots unavailable)
Will    .....        i - amulet of the acrobat
Stlth   +++          (no ring)
HPRegen 0.23/turn    (no ring)
MPRegen 0.10/turn

%: acrobat
@: very quick
A: very small, no large weapons, unfitting armour, see invisible, speed 3
a: no special abilities


You were on level 4 of the Dungeon.
You visited 1 branch of the dungeon, and saw 4 of its levels.

You collected 136 gold pieces.

Inventory:

Hand Weapons
 a - a +1 sling (weapon)
Armour
 c - a +0 robe (worn)
Jewellery
 i - an amulet of the acrobat (around neck)
Scrolls
 b - a scroll of poison
 e - 3 scrolls of identify {unknown}
 g - a scroll of teleportation {unknown}
 j - a scroll of enchant weapon {unknown}
 o - a scroll of revelation {unknown}
Potions
 d - 3 potions of curing {unknown}
 f - a potion of lignification {unknown}
 h - a potion of might {unknown}
 k - a potion of heal wounds {unknown}
 l - a potion of mutation {unknown}
 m - 2 potions of brilliance {unknown}
 n - a potion of resistance {unknown}
 p - a potion of attraction {unknown}


   Skills:
 + Level 1.7 Fighting
 * Level 3.6 Ranged Weapons
 + Level 3.8 Dodging
 + Level 3.0 Stealth
 - Level 1.3 Spellcasting
 - Level 3.6 Hexes
 - Level 0.7 Fire Magic


You had 5 spell levels left.
You didn't know any spells.
Your spell library contained the following spells:

 Spells                   Type           Power      Damage    Failure   Level
 Jinxbite                 Hex            22%        N/A       9%          2
 Sigil of Binding         Hex            11%        N/A       17%         3
 Tukima's Dance           Hex            11%        N/A       17%         3
 Inner Flame              Hex/Fire       7%         N/A       30%         3
 Cause Fear               Hex            5%         N/A       50%         4
 Dimensional Bullseye     Hex/Tloc       3%         N/A       77%         4
 Iskenderun's Mystic Bla  Conj/Tloc      0%         2d3       94%         4


Dungeon Overview and Level Annotations

Branches:
Dungeon (4/15)
 Temple: D:4-7

Altars:

Annotations:
D:3 3 runed translucent doors, sanka's ghost, amateur OpSh


Innate Abilities, Weirdness & Mutations

You are very small and have problems with some larger weapons.
You are too small for most types of armour.
You have supernaturally acute eyesight. (SInv)
You cover ground extremely quickly. (Speed+++)


Message History

Found an escape hatch in the ceiling.
There is an escape hatch in the ceiling here.
There is an escape hatch in the ceiling here.
Found a runed translucent gate.
Found a leather armour.
Found 2 stones.
Found 5 large rocks and 3 stones.
Sanka's ghost turns its malevolent gaze towards you.
Could not explore, unopened runed door.
There is a stone staircase leading down here.
You climb downwards.
Found a robe.
There is a stone staircase leading up here.
A hobgoblin is nearby!
A hobgoblin is nearby!
You shoot a sling bullet. The sling bullet hits the hobgoblin!
You kill the hobgoblin!
No target in view!
An ogre and a hobgoblin come into view.
Found a stone staircase leading down.
The ogre shouts!
The hobgoblin shouts!
The ogre moves out of view.
You shoot a sling bullet. The sling bullet hits the hobgoblin.
The hobgoblin is moderately wounded.
A giant cockroach comes into view.
You shoot a sling bullet.
The sling bullet hits the hobgoblin but does no damage.
The hobgoblin is moderately wounded.
The hobgoblin closely misses you.
You shoot a sling bullet.
The sling bullet closely misses the hobgoblin.
The hobgoblin completely misses you. The hobgoblin closely misses you.
You shoot a sling bullet. The sling bullet hits the hobgoblin.
You kill the hobgoblin!
A giant cockroach comes into view.
You shoot a sling bullet.
The sling bullet hits the ogre but does no damage.
The ogre hits you with a +0 giant spiked club!!
Ouch! That really hurt!
You die...

...>.# ##.....
.....# B...#
...# ...B#
#.#O# #.#@#
#####.#.#
....#.#.#
#.....#
##.#..##
######.#...####
#...........[.#
#.....†<.#.#.##
#........#.#.#


You could see an ogre and 2 giant cockroaches.

Vanquished Creatures
  An orc wizard (D:3)
  5 adders
  2 worms (D:2)
  A dart slug (D:2)
  3 orcs (D:3)
  8 ball pythons
  3 endoplasms
  3 giant cockroaches
  6 goblins
  7 hobgoblins
  3 kobolds
  A quokka (D:2)
  3 bats
  4 frilled lizards
  6 rats
56 creatures vanquished.

Notes
Turn   | Place    | Note
-------+----------+-------------------------------------------
     0 | D:1      | BinkBink the Spriggan Hexslinger began the quest for the
                  | Orb.
     0 | D:1      | Reached XP level 1. HP: 9/9 MP: 3/3
   248 | D:1      | Reached skill level 1 in Fighting
   248 | D:1      | Reached skill level 1 in Stealth
   293 | D:1      | Reached XP level 2. HP: 14/14 MP: 5/5
   866 | D:2      | Reached XP level 3. HP: 18/18 MP: 6/6
  1073 | D:2      | Found a faded altar of an unknown god.
  1472 | D:2      | Reached XP level 4. HP: 22/22 MP: 7/7
  2389 | D:3      | Found a runed translucent gate.
  2390 | D:3      | Found a runed translucent gate.
  2391 | D:3      | Found a runed translucent gate.
  2393 | D:3      | Noticed sanka's ghost (amateur OpSh)
  2415 | D:4      | Noticed an ogre
  2420 | D:4      | Slain by an ogre

Illustrated notes

Levels and vault maps discovered:
D:1:      lightli_arrival_chessboard, layout_basic
D:2:      layout_rooms, chequers_ecumenical_altar_simple_redux,
          minmay_misc_feat_iff
D:3:      layout_basic, ebering_ghost_rock_garden
D:4:      layout_rooms, nicolae_ru_sacrificial_ziggurat, uniq_eustachio

Skill      XL: |  1  2  3  4 |
---------------+-------------+-----
Fighting       | 1 |  1.7
Stealth        | 1 2 3 |  3.0
Dodging        | 3 |  3.8
Ranged Weapons | 3 |  3.6
Spellcasting   | |  1.3
Hexes          | |  3.6
Fire Magic     | |  0.7

Action                     |  1- 3 |  4- 6 || total
---------------------------+-------+-------++-------
   Fire: Sling             |   111 |    66 ||   177
 Armour: Robe              |    17 |     8 ||    25
  Dodge: Dodged            |    38 |    15 ||    53

Table legend: (Time is in decaauts)
 A = Elapsed time spent in this place.
 B = Non-inter-level travel time spent in this place.
 C = Inter-level travel time spent in this place.
 D = Time resting spent in this place.
 E = Time spent auto-exploring this place.
 F = Levels seen in this place.
 G = Mean time per level.
                   A        B        C        D        E       F      G
               +--------+--------+--------+--------+--------+-----+--------+
         Total |   1660 |   1544 |    116 |     63 |   1072 |   4 |  415.0 |
       Dungeon |   1660 |   1544 |    116 |     63 |   1072 |   4 |  415.0 |
               +--------+--------+--------+--------+--------+-----+--------+

Top non-repeatable levels by time:
     D:1: 581 daAuts
     D:3: 553 daAuts
     D:2: 513 daAuts
     D:4: 11 daAuts
